TOP OF THE 1ST |
Delaware 1787 BC batting - Pitching for York Revolution : LHP Bill Talley
|
Pitching: LHP Bill Talley
|
|
Batting: RHB José López
|
0-0: Ball 1-0: Foul Ball, location: 2F 1-1: Ball 2-1: Ground out 6-3 (Groundball, 6)
|
Batting: RHB Jorge Figueroa
|
0-0: Fly out, F8 (Flyball, 8LXD)
|
Batting: RHB Felipe Bruno
|
0-0: Fly out, F8 (Flyball, 89M)
|
Top of the 1st over - 0 run(s), 0 hit(s), 0 error(s), 0 left on base; Delaware 0 - York 0 |
BOTTOM OF THE 1ST |
York Revolution batting - Pitching for Delaware 1787 BC : RHP Jesús Guerra
|
Pitching: RHP Jesús Guerra
|
|
Batting: RHB José Urruticodez
|
0-0: Called Strike 0-1: Ball 1-1: Fly out, F9 (Flyball, 89M)
|
Batting: LHB Jesús Reyes
|
0-0: Called Strike 0-1: Ground out 6-3 (Groundball, 6M)
|
Batting: SHB Zuberi Mccray
|
0-0: Ground out 1-3 (Groundball, 13)
|
Bottom of the 1st over - 0 run(s), 0 hit(s), 0 error(s), 0 left on base; Delaware 0 - York 0 |
TOP OF THE 2ND |
Delaware 1787 BC batting - Pitching for York Revolution : LHP Bill Talley
|
Batting: RHB Gianpaolo Monachino
|
0-0: Called Strike 0-1: Ball 1-1: Ball 2-1: Ball 3-1: Foul Ball, location: 2F 3-2: Base on Balls
|
Batting: RHB Cristián Alfonso
|
0-0: Foul Ball, location: 2F 0-1: Fielders Choice at 2nd, 6-4 (Groundball, 6)
|
Batting: RHB Nobuhiko Nakayama
|
0-0: Called Strike 0-1: Grounds into double play, 2-6-3 (Groundball, 2R)
|
Top of the 2nd over - 0 run(s), 0 hit(s), 0 error(s), 0 left on base; Delaware 0 - York 0 |
BOTTOM OF THE 2ND |
York Revolution batting - Pitching for Delaware 1787 BC : RHP Jesús Guerra
|
Batting: RHB José Ruíz
|
0-0: Fly out, F9 (Flyball, 9M)
|
Batting: RHB Jaime Solís
|
0-0: Ball 1-0: Ball 2-0: Ball 3-0: Base on Balls
|
Batting: RHB Alwin Vreekamp
|
0-0: Called Strike 0-1: Fielders Choice at 2nd, 3-6 (Groundball, 3)
|
Batting: RHB Terry Cheadle
|
0-0: Ball 1-0: Called Strike 1-1: Ball 2-1: SINGLE (Line Drive, 78M) Alwin Vreekamp to second
|
Batting: RHB Manuel García
|
0-0: Called Strike 0-1: SINGLE (Line Drive, 56) Alwin Vreekamp to third Terry Cheadle to second Runner from 3rd tries for Home, SAFE, no throw or cutoff
|
Batting: LHB Mario Nieves
|
0-0: Called Strike 0-1: Ball 1-1: Ball 2-1: Ground out 1-3 (Groundball, 13S)
|
Bottom of the 2nd over - 1 run(s), 2 hit(s), 0 error(s), 2 left on base; Delaware 0 - York 1 |
TOP OF THE 3RD |
Delaware 1787 BC batting - Pitching for York Revolution : LHP Bill Talley
|
Batting: RHB Julián García
|
0-0: Ground out 6-3 (Groundball, 6)
|
Batting: RHB Thurman Blumer
|
0-0: Ball 1-0: Foul Ball, location: 2F 1-1: Ball 2-1: Swinging Strike 2-2: Foul Ball, location: 2F 2-2: Ground out 1-3 (Groundball, 23)
|
Batting: LHB Ward Wilberfoss
|
0-0: Ball 1-0: Foul Ball, location: 2F 1-1: Ball 2-1: SINGLE (Groundball, 34D)
|
Batting: RHB José López
|
0-0: Called Strike 0-1: Ball 1-1: Ball 2-1: Ball 3-1: Foul Ball, location: 2F 3-2: Base on Balls Ward Wilberfoss to second
|
Batting: RHB Jorge Figueroa
|
0-0: Called Strike 0-1: Ball 1-1: Called Strike 1-2: Strikes out swinging
|
Top of the 3rd over - 0 run(s), 1 hit(s), 0 error(s), 2 left on base; Delaware 0 - York 1 |
BOTTOM OF THE 3RD |
York Revolution batting - Pitching for Delaware 1787 BC : RHP Jesús Guerra
|
Batting: RHB José Urruticodez
|
0-0: Called Strike 0-1: Swinging Strike 0-2: Foul Ball, location: 2F 0-2: Ball 1-2: Ball 2-2: Ball 3-2: Foul Ball, location: 2F 3-2: Base on Balls
|
Batting: LHB Jesús Reyes
|
0-0: SINGLE (Line Drive, 78S) José Urruticodez to second
|
Batting: SHB Zuberi Mccray
|
0-0: Grounds into double play, 4-6-3 (Groundball, 4M) José Urruticodez to third
|
Batting: RHB José Ruíz
|
0-0: Ball 1-0: Foul Ball, location: 2F 1-1: Fly out, F8 (Flyball, 8RS)
|
Bottom of the 3rd over - 0 run(s), 1 hit(s), 0 error(s), 1 left on base; Delaware 0 - York 1 |
TOP OF THE 4TH |
Delaware 1787 BC batting - Pitching for York Revolution : LHP Bill Talley
|
Batting: RHB Felipe Bruno
|
0-0: Called Strike 0-1: Swinging Strike 0-2: Ball 1-2: Strikes out swinging
|
Batting: RHB Gianpaolo Monachino
|
0-0: Fly out, F3 (Popup, 3)
|
Batting: RHB Cristián Alfonso
|
0-0: Foul Ball, location: 2F 0-1: Ball 1-1: Foul Ball, location: 2F 1-2: SINGLE (Line Drive, 7S)
|
Batting: RHB Nobuhiko Nakayama
|
0-0: Called Strike 0-1: Ball 1-1: SINGLE (Line Drive, 6D) Cristián Alfonso to second
|
Batting: RHB Julián García
|
0-0: Foul Ball, location: 2F 0-1: Ball 1-1: Ball 2-1: Swinging Strike 2-2: Strikes out swinging
|
Top of the 4th over - 0 run(s), 2 hit(s), 0 error(s), 2 left on base; Delaware 0 - York 1 |
BOTTOM OF THE 4TH |
York Revolution batting - Pitching for Delaware 1787 BC : RHP Jesús Guerra
|
Batting: RHB Jaime Solís
|
0-0: Ball 1-0: Ball 2-0: Ball 3-0: Called Strike 3-1: Called Strike 3-2: Strikes out swinging
|
Batting: RHB Alwin Vreekamp
|
0-0: Swinging Strike 0-1: Ball 1-1: Called Strike 1-2: Strikes out swinging
|
Batting: RHB Terry Cheadle
|
0-0: Ball 1-0: Foul Ball, location: 2F 1-1: Ground out 5-3 (Groundball, 56)
|
Bottom of the 4th over - 0 run(s), 0 hit(s), 0 error(s), 0 left on base; Delaware 0 - York 1 |
TOP OF THE 5TH |
Delaware 1787 BC batting - Pitching for York Revolution : LHP Bill Talley
|
Batting: RHB Thurman Blumer
|
0-0: Ball 1-0: Ground out 6-3 (Groundball, 6)
|
Batting: LHB Ward Wilberfoss
|
0-0: DOUBLE (Line Drive, 3D)
|
Batting: RHB José López
|
0-0: Fly out, F3 (Popup, 3SF)
|
Batting: RHB Jorge Figueroa
|
0-0: Ball 1-0: SINGLE (Groundball, 6MD) Ward Wilberfoss to third Runner from 3rd tries for Home, SAFE, no throw or cutoff
|
Batting: RHB Felipe Bruno
|
0-0: Ball Jorge Figueroa is caught stealing 2nd base
|
Top of the 5th over - 1 run(s), 2 hit(s), 0 error(s), 0 left on base; Delaware 1 - York 1 |
BOTTOM OF THE 5TH |
York Revolution batting - Pitching for Delaware 1787 BC : RHP Jesús Guerra
|
Batting: RHB Manuel García
|
0-0: Ball 1-0: Ground out 4-3 (Groundball, 4)
|
Batting: LHB Mario Nieves
|
0-0: Called Strike 0-1: SOLO HOME RUN (Flyball, 9LD), Distance : 361 ft
|
Batting: RHB José Urruticodez
|
0-0: Ball 1-0: Ball 2-0: SINGLE (Groundball, 56)
|
Batting: LHB Jesús Reyes
|
0-0: Ball 1-0: Called Strike 1-1: Ball 2-1: Ball 3-1: Foul Ball, location: 2F 3-2: Strikes out swinging
|
Batting: SHB Zuberi Mccray
|
0-0: Ball 1-0: Ball 2-0: Foul Ball, location: 2F 2-1: Called Strike 2-2: Ball 3-2: Ground out 6-3 (Groundball, 6)
|
Bottom of the 5th over - 1 run(s), 2 hit(s), 0 error(s), 1 left on base; Delaware 1 - York 2 |
TOP OF THE 6TH |
Delaware 1787 BC batting - Pitching for York Revolution : LHP Bill Talley
|
Batting: RHB Felipe Bruno
|
0-0: Ball 1-0: Ball 2-0: Called Strike 2-1: Called Strike 2-2: Strikes out swinging
|
Batting: RHB Gianpaolo Monachino
|
0-0: Swinging Strike 0-1: Ball 1-1: Foul Ball, location: 2F 1-2: Ball 2-2: Strikes out swinging
|
Batting: RHB Cristián Alfonso
|
0-0: Ball 1-0: Ball 2-0: Called Strike 2-1: DOUBLE (Line Drive, 89M)
|
Batting: RHB Nobuhiko Nakayama
|
0-0: Called Strike 0-1: Swinging Strike 0-2: Strikes out swinging
|
Top of the 6th over - 0 run(s), 1 hit(s), 0 error(s), 1 left on base; Delaware 1 - York 2 |
BOTTOM OF THE 6TH |
York Revolution batting - Pitching for Delaware 1787 BC : RHP Jesús Guerra
|
Batting: RHB José Ruíz
|
0-0: Foul Ball, location: 2F 0-1: Ground out 4-3 (Groundball, 4M)
|
Batting: RHB Jaime Solís
|
0-0: Ball 1-0: Foul Ball, location: 2F 1-1: Ball 2-1: Ball 3-1: Swinging Strike 3-2: Strikes out looking
|
Batting: RHB Alwin Vreekamp
|
0-0: Ground out 6-3 (Groundball, 6M)
|
Bottom of the 6th over - 0 run(s), 0 hit(s), 0 error(s), 0 left on base; Delaware 1 - York 2 |
TOP OF THE 7TH |
Delaware 1787 BC batting - Pitching for York Revolution : LHP Bill Talley
|
Batting: RHB Julián García
|
0-0: Ground out 6-3 (Groundball, 6M)
|
Batting: RHB Thurman Blumer
|
0-0: Ground out 6-3 (Groundball, 6S)
|
Batting: LHB Ward Wilberfoss
|
0-0: Fly out, F9 (Line Drive, 89M)
|
Top of the 7th over - 0 run(s), 0 hit(s), 0 error(s), 0 left on base; Delaware 1 - York 2 |
BOTTOM OF THE 7TH |
York Revolution batting - Pitching for Delaware 1787 BC : RHP Jesús Guerra
|
Batting: RHB Terry Cheadle
|
0-0: Ball 1-0: Ball 2-0: Called Strike 2-1: Swinging Strike 2-2: Foul Ball, location: 2F 2-2: Ball 3-2: Strikes out looking
|
Batting: RHB Manuel García
|
0-0: Called Strike 0-1: Swinging Strike 0-2: Ball 1-2: Strikes out swinging
|
Batting: LHB Mario Nieves
|
0-0: Called Strike 0-1: Ground out 2-3 (Groundball, 2L)
|
Bottom of the 7th over - 0 run(s), 0 hit(s), 0 error(s), 0 left on base; Delaware 1 - York 2 |
TOP OF THE 8TH |
Delaware 1787 BC batting - Pitching for York Revolution : LHP Bill Talley
|
Batting: RHB José López
|
0-0: Called Strike 0-1: Ball 1-1: Ball 2-1: Swinging Strike 2-2: Fly out, F9 (Flyball, 9M)
|
Batting: RHB Jorge Figueroa
|
0-0: Called Strike 0-1: Ball 1-1: Foul Ball, location: 2F 1-2: Ball 2-2: SINGLE (Flyball, 89S)
|
Batting: RHB Felipe Bruno
|
0-0: Ball 1-0: Ball 2-0: Grounds into double play, 6-4-3 (Groundball, 6)
|
Top of the 8th over - 0 run(s), 1 hit(s), 0 error(s), 0 left on base; Delaware 1 - York 2 |
BOTTOM OF THE 8TH |
York Revolution batting - Pitching for Delaware 1787 BC : RHP Jesús Guerra
|
Batting: RHB José Urruticodez
|
0-0: Ball 1-0: Ball 2-0: Called Strike 2-1: Foul Ball, location: 2F 2-2: Foul Ball, location: 2F 2-2: Ground out 3-1 (Groundball, 3L)
|
Pitching: LHP Jim Unknown
|
|
Batting: LHB Jesús Reyes
|
0-0: Called Strike 0-1: Foul Ball, location: 2F 0-2: Ground out 6-3 (Groundball, 6M)
|
Batting: SHB Zuberi Mccray
|
0-0: SINGLE (Line Drive, 78S)
|
Batting: RHB José Ruíz
|
0-0: Ball 1-0: Foul Ball, location: 2F 1-1: Swinging Strike 1-2: Ground out 1-3 (Groundball, 15)
|
Bottom of the 8th over - 0 run(s), 1 hit(s), 0 error(s), 1 left on base; Delaware 1 - York 2 |
TOP OF THE 9TH |
Delaware 1787 BC batting - Pitching for York Revolution : LHP Bill Talley
|
Pitching: RHP Raúl Luna
|
|
Now at C: Rafael Crava
|
|
Pinch Hitting: RHB Nelson Torez
|
0-0: Called Strike 0-1: Ball 1-1: Swinging Strike 1-2: Strikes out looking
|
Pinch Hitting: RHB Lou Faucett
|
0-0: Ball 1-0: Foul Ball, location: 2F 1-1: Swinging Strike 1-2: Strikes out looking
|
Batting: RHB Nobuhiko Nakayama
|
0-0: Foul Ball, location: 2F 0-1: Ball 1-1: Ball 2-1: Swinging Strike 2-2: Strikes out looking
|
Top of the 9th over - 0 run(s), 0 hit(s), 0 error(s), 0 left on base; Delaware 1 - York 2 |
|